 Dungeon Crawl Stone Soup version 0.31-a0-542-gdc2a67831c (webtiles) character file.

Game seed: 9403743085729176493

2632 Crownlay the Skirmisher (level 9, -7/41 HPs)
             Began as a Spriggan Hunter on Aug 14, 2023.
             Was an Initiate of Hepliaklqana.
             Mangled by a vampire mosquito (11 damage)
             ... on level 7 of the Dungeon.
             The game lasted 00:12:20 (5761 turns).

Crownlay the Skirmisher (Spriggan Hunter)           Turns: 5761, Time: 00:12:21

Health: -7/41      AC:  2    Str: 10    XL:     9   Next: 35%
Magic:  13/13      EV: 19    Int: 11    God:    Hepliaklqana [......]
Gold:   204        SH:  0    Dex: 22    Spells: 12/12 levels left

rFire   . . .        s - +7 hand axe "Idadaaz" {vamp, Str+3}
rCold   . . .        (no shield)
rNeg    . . .        c - +0 robe
rPois   .            (helmet restricted)
rElec   .            (no cloak)
rCorr   .            (gloves unavailable)
SInv    +            (boots unavailable)
Will    +....        (no amulet)
Stlth   ++++         (no ring)
HPRegen 0.26/turn    (no ring)
MPRegen 0.13/turn

%: no passive effects
@: very quick
A: very small, no large weapons, unfitting armour, see invisible, speed 3
a: Renounce Religion


You were on level 7 of the Dungeon.
You worshipped Hepliaklqana.
Hepliaklqana was noncommittal.
You visited 1 branch of the dungeon, and saw 7 of its levels.

You collected 308 gold pieces.
You spent 104 gold pieces at shops.

Inventory:

Hand Weapons
 a - a +0 shortbow
 s - the +7 hand axe "Idadaaz" (weapon) {vamp, Str+3}
   (You found it on level 7 of the Dungeon)

   Str+3:     It affects your strength (+3).
 G - a +0 orcbow
Armour
 c - a +0 robe (worn)
 B - a +0 cloak
Jewellery
 x - a ring of fire
Talismans
 d - a talisman of death
 h - a beast talisman
Wands
 v - a wand of polymorph (14)
 D - a wand of light (14)
Scrolls
 b - a scroll of butterflies
 g - 3 scrolls of teleportation
 j - a scroll of immolation {unknown}
 k - a scroll of poison {unknown}
 l - 4 scrolls of fog
 m - a scroll of brand weapon {unknown}
 n - 2 scrolls of amnesia
 o - a scroll of enchant armour {unknown}
 p - a scroll of vulnerability {unknown}
 t - a scroll of fear
 y - a scroll of blinking {unknown}
 C - a scroll of revelation {unknown}
Potions
 e - a potion of attraction {unknown}
 f - a potion of magic {unknown}
 i - 3 potions of curing
 q - a potion of brilliance {unknown}
 r - a potion of resistance {unknown}
 u - 3 potions of might {unknown}
 w - 2 potions of enlightenment {unknown}
 z - 3 potions of mutation
 A - a potion of degeneration {unknown}
 E - a potion of heal wounds
 F - a potion of lignification


   Skills:
 - Level 1.5 Fighting
 * Level 9.1 Ranged Weapons
 - Level 3.2 Dodging
 + Level 8.8 Stealth
 - Level 2.0 Spellcasting
 * Level 8.4 Shapeshifting


You had 12 spell levels left.
You didn't know any spells.
Your spell library contained the following spells:

 Spells                   Type           Power      Damage    Failure   Level
 Apportation              Tloc           2%         N/A       28%         1
 Necrotise                Necr           4%         1d4       28%         1
 Summon Small Mammal      Summ           4%         N/A       28%         1
 Ignite Poison            Fire/Tmut/Pois 1%         N/A       65%         3
 Sticky Flame             Conj/Fire      1%         2d3       96%         4
 Ignition                 Fire           0%         3d3       100%        8


Dungeon Overview and Level Annotations

Branches:
Dungeon (7/15)
 Temple: D:4-7

Altars:
Fedhas
Gozag
Hepliaklqana
Makhleb
Ru
Uskayaw
Yredelemnul

Shops:
D:6 !(=


Innate Abilities, Weirdness & Mutations

You are very small and have problems with some larger weapons.
You are too small for most types of armour.
You have supernaturally acute eyesight. (SInv)
You cover ground extremely quickly. (Speed+++)


Message History

The vampire mosquito completely misses you.
You completely miss the vampire mosquito.
The vampire mosquito misses you. x2
You hit the vampire mosquito.
The vampire mosquito is lightly damaged.
The vampire mosquito closely misses you. x2
The vampire mosquito completely misses you.
You closely miss the vampire mosquito.
The vampire mosquito is lightly damaged.
The vampire mosquito barely misses you.
An orc warrior comes into view.
It is wielding a +2 flail of protection.
An orc comes into view. It is wielding a +0 flail.
The vampire mosquito bites you but does no damage.
The orc shouts!
You hit the vampire mosquito.
The vampire mosquito is moderately damaged.
You hear a shout!
The vampire mosquito bites you.
The vampire mosquito draws strength from your injuries!
The vampire mosquito barely misses you.
An orc priest comes into view. It is wielding a +0 short sword.
An orc comes into view. It is wielding a +0 club.
The vampire mosquito barely misses you.
The orc priest shouts!
You slash the vampire mosquito!
The vampire mosquito is heavily damaged.
The vampire mosquito bites you.
The vampire mosquito draws strength from your injuries!
The vampire mosquito completely misses you.
You slash the vampire mosquito!
The vampire mosquito is heavily damaged.
The vampire mosquito misses you. The vampire mosquito bites you.
The vampire mosquito draws strength from your injuries!
An orc comes into view. It is wielding a +0 club.
The orc priest mumbles some strange prayers to Beogh against you.
Beogh smites you!
* * * LOW HITPOINT WARNING * * *
An ice beast comes into view.
The vampire mosquito bites you!
You die...

## #.# ##
#.###############
#.###@........)<...#
#####o#y###.........#.###
.....ohy# #.###.###.#....
######oy# #.#..........##
#.o# #.#.#.###.##.#
####.o###.....# #..#.##
#....o.....[### ##.....
#.##oY############....#
####.##..# #.........#.#


You could see an orc warrior, 3 vampire mosquitoes, an ice beast (wandering), a
hound, an orc priest and 4 orcs.

Vanquished Creatures
  A komodo dragon (D:5)
  Grinder (D:3)
  Sigmund (D:5)
  A vampire mosquito (D:7)
  A water moccasin (D:6)
  A black bear (D:5)
  3 ice beasts
  A sky beast (D:6)
  2 centaurs (D:6)
  A phantom (D:6)
  2 bullfrogs
  2 scorpions
  4 howler monkeys
  4 hounds
  Crazy Yiuf (D:4)
  4 orc priests
  An iguana (D:6)
  2 sleepcaps
  7 orc wizards
  A gnoll (D:3)
  5 adders
  A shadow imp (D:6)
  An ufetubus (D:5)
  2 worms (D:2)
  A dart slug (D:5)
  18 orcs
  9 ball pythons
  5 endoplasms
  6 giant cockroaches
  4 goblins
  4 hobgoblins
  9 jackals
  6 kobolds
  2 quokkas
  7 bats
  10 frilled lizards
  6 rats
137 creatures vanquished.

Notes
Turn   | Place    | Note
-------+----------+-------------------------------------------
     0 | D:1      | Crownlay the Spriggan Hunter began the quest for the Orb.
     0 | D:1      | Reached XP level 1. HP: 10/10 MP: 2/2
    66 | D:1      | Reached XP level 2. HP: 14/14 MP: 3/3
   301 | D:1      | Reached XP level 3. HP: 18/18 MP: 4/4
   519 | D:2      | Found a hide-covered altar of Uskayaw.
   652 | D:2      | Reached skill level 1 in Shapeshifting
   993 | D:2      | Reached XP level 4. HP: 22/22 MP: 5/5
  1725 | D:3      | Noticed Grinder
  1735 | D:3      | Killed Grinder
  1736 | D:3      | Reached skill level 5 in Ranged Weapons
  1736 | D:3      | Reached XP level 5. HP: 25/25 MP: 6/6
  1736 | D:3      | Reached XP level 6. HP: 30/30 MP: 7/7
  2098 | D:4      | Found a runed translucent door.
  2099 | D:4      | Noticed Crazy Yiuf
  2318 | D:4      | Found a large runed translucent door.
  2319 | D:4      | Found a large runed translucent door.
  2535 | D:4      | Reached skill level 6 in Ranged Weapons
  2535 | D:4      | Reached skill level 5 in Stealth
  2548 | D:4      | Noticed an ice beast
  2599 | D:4      | Killed an ice beast
  2600 | D:4      | Reached XP level 7. HP: 33/33 MP: 8/8
  2900 | D:4      | Reached skill level 5 in Shapeshifting
  3029 | D:4      | Found a burning altar of Makhleb.
  3033 | D:4      | Found an opulent altar of Gozag.
  3236 | D:4      | Killed Crazy Yiuf
  3310 | D:5      | Entered Level 5 of the Dungeon
  3400 | D:5      | Noticed a komodo dragon
  3441 | D:5      | Killed a komodo dragon
  3442 | D:5      | Reached skill level 7 in Ranged Weapons
  3442 | D:5      | Reached XP level 8. HP: 37/37 MP: 9/9
  3644 | D:5      | Found a sacrificial altar of Ru.
  3646 | D:5      | Found a basalt altar of Yredelemnul.
  3656 | D:5      | Found a blossoming altar of Fedhas.
  3717 | D:5      | Noticed Sigmund
  3721 | D:5      | Killed Sigmund
  3722 | D:5      | Reached skill level 1 in Spellcasting
  4127 | D:6      | Reached skill level 8 in Ranged Weapons
  4224 | D:6      | Found Rycap's Jewellery Boutique.
  4293 | D:6      | Found Reub's Weapon Shoppe.
  4626 | D:6      | Found Esis's Distillery.
  4629 | D:6      | Bought a potion of heal wounds for 65 gold pieces
  4629 | D:6      | Bought a potion of lignification for 39 gold pieces
  4769 | D:6      | Reached XP level 9. HP: 3/41 MP: 13/13
  5466 | D:7      | Identified the +7 hand axe "Idadaaz" {vamp, Str+3}
  5504 | D:7      | Found a hazy altar of Hepliaklqana.
  5657 | D:7      | Became a worshipper of Hepliaklqana the Forgotten
  5736 | D:7      | Reached skill level 9 in Ranged Weapons
  5761 | D:7      | Mangled by a vampire mosquito

Illustrated notes

Levels and vault maps discovered:
D:1:      lightli_arrival_chessboard, layout_rooms, minmay_misc_feat_hallway,
          minmay_lizard_pond
D:2:      minmay_general_purpose_star, layout_basic, basic_altar,
          minmay_fountain_box, kennysheep_path_1, minmay_tromino_v4_a
D:3:      layout_loops_cross, dk_vineyard_3, minmay_cupped, uniq_grinder
D:4:      layout_loops_ring, jmf_multi_god_temple2, nicolae_nh_ransacked_shop,
          uniq_crazy_yiuf_cottage
D:5:      layout_basic, mainiacjoe_overflow_small_starburst,
          chequers_temple_overflow_statue_of_worship, uniq_sigmund
D:6:      layout_basic, serial_shops, shop_statue, nicolae_shop_gaudy_bauble,
          kennysheep_mini_moat
D:7:      minmay_razor_zed, layout_loops_ring, nicolae_hepliaklqana_hippocampus,
          nicolae_qazlal_general_emergency, minmay_temple_entry_from_below_a,
          grunt_potential

Skill      XL: |  1  2  3  4  5  6  7  8  9 |
---------------+----------------------------+-----
Stealth        | 2 3 4 5 6 8 |  8.8
Dodging        | 3 |  3.2
Shapeshifting  | 1 3 4 6 7 8 |  8.4
Ranged Weapons | 5 6 7 8 9 |  9.1
Spellcasting   | 2 |  2.0
Fighting       | |  1.5

Action                     |  1- 3 |  4- 6 |  7- 9 || total
---------------------------+-------+-------+-------++-------
  Melee: Hand axe          |       |       |     7 ||     7
   Fire: Shortbow          |   112 |   106 |   227 ||   445
         Orcbow            |       |       |    26 ||    26
Ability: Begin Untransform |       |       |     1 ||     1
    Use: Scroll            |       |     2 |     5 ||     7
         Potion            |       |       |     1 ||     1
 Armour: Robe              |     1 |     8 |     8 ||    17
  Dodge: Dodged            |    15 |    36 |    78 ||   129
   Form: Beast             |     1 |       |       ||     1

Table legend: (Time is in decaauts)
 A = Elapsed time spent in this place.
 B = Non-inter-level travel time spent in this place.
 C = Inter-level travel time spent in this place.
 D = Time resting spent in this place.
 E = Time spent auto-exploring this place.
 F = Levels seen in this place.
 G = Mean time per level.
                   A        B        C        D        E       F      G
               +--------+--------+--------+--------+--------+-----+--------+
         Total |   4049 |   3918 |    131 |     97 |   2945 |   7 |  578.4 |
       Dungeon |   4049 |   3918 |    131 |     97 |   2945 |   7 |  578.4 |
               +--------+--------+--------+--------+--------+-----+--------+

Top non-repeatable levels by time:
     D:6: 919 daAuts
     D:4: 881 daAuts
     D:2: 716 daAuts
     D:5: 634 daAuts
     D:3: 360 daAuts
     D:1: 312 daAuts
     D:7: 225 daAuts
